 Dungeon Sprint DCSS version 0.30.1-11-g7821555f0a (webtiles) character file.

Game seed: 16173087995826583993

1700 Groucho the Thaumaturge (level 8, 0/48 HPs)
             Began as a Deep Elf Earth Elementalist on Jan 17, 2024.
             Was a High Priest of Sif Muna.
             Slain by a wraith (12 damage)
             ... in the Dungeon (Sprint VII: "The Pits").
             The game lasted 00:03:41 (1872 turns).

Groucho the Thaumaturge (DEEE)                      Turns: 1872, Time: 00:03:42

Health: 0/48       AC:  2    Str:  5    XL:     8   Next: 73%
Magic:  0/24       EV: 12    Int: 23    God:    Sif Muna [*****.]
Gold:   0          SH:  0    Dex: 15    Spells: 19/27 levels left

rFire   . . .        m - +2 dagger (drain)
rCold   . . .        (no shield)
rNeg    . . .        a - +0 robe
rPois   .            (no helmet)
rElec   .            (no cloak)
rCorr   .            (no gloves)
SInv    .            (no boots)
Will    .....        (no amulet)
Stlth   ++++         (no ring)
HPRegen 0.28/turn    (no ring)
MPRegen 0.19/turn

%: no teleportation
@: slowed, very slow
A: no striking features
a: Renounce Religion, Channel Magic, Forget Spell, Divine Exegesis


You were in the Dungeon.
You worshipped Sif Muna.
Sif Muna was extremely pleased with you.
You visited 1 branch

Inventory:

Hand Weapons
 m - a +2 dagger of draining (weapon)
Armour
 a - a +0 robe (worn)
 l - a +3 ring mail
Scrolls
 j - 5 scrolls of amnesia
 k - a scroll of summoning
Potions
 b - 4 potions of magic
 c - 6 potions of curing
 d - 5 potions of heal wounds
 e - a potion of haste
 f - 3 potions of berserk rage
 i - a potion of invisibility


   Skills:
 + Level 4.9 Fighting
 + Level 6.1 Short Blades
 - Level 2.4 Dodging
 + Level 8.3 Stealth
 + Level 10.0 Spellcasting
 + Level 8.1 Conjurations
 + Level 7.0 Transmutations
 + Level 9.8 Earth Magic
 + Level 8.0 Invocations


You had 19 spell levels left.
You knew the following spells:

 Your Spells              Type           Power      Damage    Failure   Level
a - Sandblast             Erth           100%       2d20      1%          1
b - Stone Arrow           Conj/Erth      100%       3d13      1%          3
c - Petrify               Tmut/Erth      50%        N/A       1%          4

Your spell library contained the following spells:

 Spells                   Type           Power      Damage    Failure   Level
 Passwall                 Tmut/Erth      41%        N/A       1%          2
 Ignite Poison            Fire/Tmut/Pois 22%        N/A       6%          3
 Cigotuvi's Dreadful Rot  Necr/Pois/Air  22%        N/A       9%          2
 Storm Form               Tmut/Air       13%        N/A       100%        7


Dungeon Overview and Level Annotations

Branches:
Dungeon (1/1)

Altars:
Ashenzari
Cheibriados
Dithmenos
Elyvilon
Fedhas
Gozag
Hepliaklqana
Kikubaaqudgha
Makhleb
Nemelex Xobeh
Okawaru
Qazlal
Ru
Sif Muna
Trog
Uskayaw
Vehumet
Wu Jian
Xom
Yredelemnul
Zin
The Shining One
Jiyva
Lugonu


Message History

a +0 trident; a +0 ring mail
Casting: Stone Arrow (safe; 1% risk of failure)
Confirm with . or Enter, or press ? or * to list all spells.
Aiming: Stone Arrow (safe; 1% risk of failure)
Press: ? - help, Shift-Dir - straight line, f - wraith
Aim: a wraith (78% to hit)
The stone arrow misses the wraith.
The wraith hits you!
Unknown command.
Unknown command.
Casting: Stone Arrow (safe; 1% risk of failure)
Confirm with . or Enter, or press ? or * to list all spells.
Aiming: Stone Arrow (safe; 1% risk of failure)
Press: ? - help, Shift-Dir - straight line, f/p - wraith
Aim: a wraith (78% to hit)
The stone arrow hits the wraith!!
The wraith is severely damaged.
The wraith hits you! The wraith drains your vigour!
You feel yourself slow down.
Unknown command.
Casting: Stone Arrow (safe; 1% risk of failure)
Confirm with . or Enter, or press ? or * to list all spells.
Aiming: Stone Arrow (safe; 1% risk of failure)
Press: ? - help, Shift-Dir - straight line, f/p - wraith
Aim: a wraith (severely damaged, 78% to hit)
The stone arrow hits the wraith but does no damage.
The wraith is severely damaged.
The wraith closely misses you.
Unknown command.
Unknown command.
Casting: Stone Arrow (safe; 1% risk of failure)
Confirm with . or Enter, or press ? or * to list all spells.
Aiming: Stone Arrow (safe; 1% risk of failure)
Press: ? - help, Shift-Dir - straight line, f/p - wraith
Aim: a wraith (severely damaged, 78% to hit)
The stone arrow hits the wraith!
The wraith is almost destroyed.
The wraith hits you!
* * * LOW HITPOINT WARNING * * *
The wraith hits you!
You die...

#รท#..########...<...#
#.#..'[))).##.......#
#[#..#.))).##.......#
#'###########.......#
#)).....#..##########
#..###..#.######
#.......#.#....#
##.###.##'#....#
#.......#@W....+
#..###..#'#....#
#.......).# ...#
########### ###


You could see a wraith.

Vanquished Creatures
  A deep elf pyromancer (D)
  A jumping spider (D)
  A fire bat (D)
  A water moccasin (D)
  3 floating eyes (D)
  Pargi (D)
  A black bear (D)
  2 bullfrogs (D)
  A gnoll sergeant (D)
  2 scorpions (D)
  An orc priest (D)
  An orc wizard (D)
  A river rat (D)
  2 orcs (D)
  A bat skeleton (D)
  A giant cockroach (D)
  A hobgoblin (D)
  A frilled lizard (D)
  A jackal zombie (D)
  A rat (D)
25 creatures vanquished.

Notes
Turn   | Place    | Note
-------+----------+-------------------------------------------
     0 | D        | Groucho the Deep Elf Earth Elementalist began the quest for
                  | the Orb.
     0 | D        | Reached XP level 1. HP: 10/10 MP: 6/6
    43 | D        | Found a bloodstained altar of Trog.
    43 | D        | Found a shimmering blue altar of Sif Muna.
    43 | D        | Found a viscous altar of Jiyva.
    43 | D        | Found a hazy altar of Hepliaklqana.
    43 | D        | Found an opulent altar of Gozag.
    44 | D        | Found a glowing golden altar of the Shining One.
    44 | D        | Found a glowing silver altar of Zin.
    44 | D        | Found a basalt altar of Yredelemnul.
    44 | D        | Found a shimmering altar of Xom.
    44 | D        | Found an ornate altar of the Wu Jian Council.
    44 | D        | Found a sacrificial altar of Ru.
    44 | D        | Found a stormy altar of Qazlal.
    44 | D        | Found an iron altar of Okawaru.
    44 | D        | Found a sparkling altar of Nemelex Xobeh.
    44 | D        | Found a burning altar of Makhleb.
    44 | D        | Found a blossoming altar of Fedhas.
    44 | D        | Found a white marble altar of Elyvilon.
    44 | D        | Found a shadowy altar of Dithmenos.
    44 | D        | Found a snail-covered altar of Cheibriados.
    45 | D        | Found a radiant altar of Vehumet.
    45 | D        | Found a corrupted altar of Lugonu.
    46 | D        | Found an ancient bone altar of Kikubaaqudgha.
    46 | D        | Found a hide-covered altar of Uskayaw.
    46 | D        | Found a broken altar of Ashenzari.
    49 | D        | Became a worshipper of Sif Muna the Loreminder
    57 | D        | Noticed a floating eye
    60 | D        | Killed a floating eye
    61 | D        | Reached skill level 6 in Spellcasting
    61 | D        | Reached XP level 2. HP: 15/15 MP: 3/11
    61 | D        | Reached XP level 3. HP: 19/19 MP: 3/12
    61 | D        | Reached XP level 4. HP: 24/24 MP: 3/14
   326 | D        | Learned a level 3 spell: Stone Arrow
   331 | D        | Learned a level 4 spell: Petrify
   339 | D        | Reached * piety under Sif Muna
   657 | D        | Noticed a floating eye
   658 | D        | Killed a floating eye
   658 | D        | Noticed a scorpion
   659 | D        | Reached skill level 1 in Fighting
   659 | D        | Reached skill level 5 in Conjurations
   659 | D        | Reached XP level 5. HP: 30/30 MP: 12/16
   660 | D        | Reached ** piety under Sif Muna
   661 | D        | Reached skill level 7 in Spellcasting
   661 | D        | Reached skill level 5 in Invocations
   661 | D        | Reached XP level 6. HP: 35/35 MP: 6/18
   718 | D        | Noticed Pargi
   935 | D        | Killed Pargi
   936 | D        | Reached skill level 5 in Stealth
   936 | D        | Noticed a fire bat
   936 | D        | Noticed a water moccasin
   936 | D        | Noticed a floating eye
   937 | D        | Reached *** piety under Sif Muna
   943 | D        | Killed a water moccasin
   943 | D        | Paralysed by a floating eye for 4 turns
   944 | D        | Reached skill level 8 in Spellcasting
   944 | D        | Reached skill level 5 in Transmutations
   944 | D        | Reached XP level 7. HP: 24/41 MP: 12/20
   949 | D        | Killed a fire bat
   986 | D        | Reached **** piety under Sif Muna
  1228 | D        | Noticed a jumping spider
  1234 | D        | Killed a jumping spider
  1235 | D        | Reached skill level 5 in Short Blades
  1235 | D        | Reached skill level 9 in Spellcasting
  1235 | D        | Reached XP level 8. HP: 36/48 MP: 16/23
  1391 | D        | Reached ***** piety under Sif Muna
  1391 | D        | Received a gift from Sif Muna
  1648 | D        | Got Sif Muna's Compilation of Undead Transmogrification
                  | {god gift}
  1864 | D        | Noticed a deep elf pyromancer
  1867 | D        | Killed a deep elf pyromancer
  1868 | D        | Reached skill level 10 in Spellcasting
  1872 | D        | Slain by a wraith

Illustrated notes

Levels and vault maps discovered:
D:        pitsprint [storerooms_1, entrance_room_1, metal_vault_1, armoury_3,
          mini_pit_1, grid_room_1, main_hall_1, silver_pit, the_coven_1,
          the_vestibule_1, steel_vault_5, golden_pit, hallway_of_sentries,
          crystal_vault_1, iron_vault_1, final_vault]

Skill      XL: |  1  2  3  4  5  6  7  8 |
---------------+-------------------------+-----
Spellcasting   | 6 7 8 9 10 | 10.0
Conjurations   | 4 5 6 7 8 |  8.1
Earth Magic    | 7 8 9 |  9.8
Invocations    | 3 4 5 6 7 8 |  8.0
Fighting       | 1 2 3 4 |  4.9
Short Blades   | 2 4 5 6 |  6.1
Stealth        | 3 4 6 7 8 |  8.3
Transmutations | 3 5 6 7 |  7.0
Dodging        | |  2.4

Action                     |  1- 3 |  4- 6 |  7- 9 || total
---------------------------+-------+-------+-------++-------
  Melee: Dagger            |       |     3 |     3 ||     6
   Cast: Sandblast         |     3 |     3 |     1 ||     7
         Stone Arrow       |       |     9 |    19 ||    28
         Petrify           |       |       |     2 ||     2
    Use: Potion            |       |     2 |     1 ||     3
         Scroll            |       |     1 |       ||     1
   Stab: Sleeping          |       |     1 |       ||     1
         Petrified         |       |       |     3 ||     3
 Armour: Robe              |       |     5 |     2 ||     7
  Dodge: Dodged            |       |     6 |     6 ||    12
